 Dungeon Crawl Stone Soup version 0.11.3 (webtiles) character file.

809 Auroros the Ducker (level 7, 0/53 HPs)
             Began as a Merfolk Chaos Knight on Sept 27, 2019.
             Was a Plaything of Xom.
             Slain by a centaur (6 damage)
             ... on Level 5 of the Dungeon.
             The game lasted 00:22:30 (5203 turns).

Auroros the Ducker (Merfolk Chaos Knight)           Turns: 5203, Time: 00:22:31

HP   0/53        AC  6     Str 15      XL: 7   Next: 43%
MP   7/7         EV 14     Int 11      God: Xom
Gold 196         SH  0     Dex 12      Spells:  1 memorised,  4 levels left

Res.Fire  : + . .   See Invis. : .   q - +0 scythe
Res.Cold  : . . .   Warding    : .   b - +2 leather armour
Life Prot.: . . .   Conserve   : .   (no shield)
Res.Poison: .       Res.Corr.  : .   (helmet restricted)
Res.Elec. : .       Clarity    : +   a - +2 cloak
Sust.Abil.: . .     Spirit.Shd : .   (no gloves)
Res.Mut.  : .       Stasis     : .   (no boots)
Res.Rott. : .       Ctrl.Telep.: .   m - amulet of clarity
Saprovore : . . .   Levitation : .   u - ring of protection from fire Ctrl.Flight: .
                                     e - ring of regeneration

@: slightly resistant to hostile enchantments, unstealthy
A: change form in water, swift swim, horns 1, deformed body, herbivore 1, Dex -1
a: Renounce Religion


You were on level 5 of the Dungeon.
You worshipped Xom.
You were a special plaything of Xom.
You were not hungry.

You visited 2 branches of the dungeon, and saw 6 of its levels.

You collected 176 gold pieces.

Inventory:

Hand weapons
 q - a +0,+0 scythe (weapon)
 x - a +1,+0 elven trident
 D - a +2,+2 spear (quivered) {=f}
Armour
 a - a +2 cloak (worn)
 b - a +2 leather armour (worn)
 f - a +0 large shield
 y - a +0 helmet
Magical devices
 s - a wand of polymorph other (7) {unknown}
Comestibles
 c - 4 bread rations
 g - 2 apples
 A - a rotting chunk of orc flesh
 F - a rotting chunk of jackal flesh
 G - a choko
 H - 3 chunks of centaur flesh
 I - 2 chunks of worker ant flesh
Scrolls
 d - a scroll of curse armour {unknown}
 h - 7 scrolls of remove curse {unknown}
 i - 2 scrolls of curse jewellery {unknown}
 k - a scroll of enchant weapon II {unknown}
 n - 2 scrolls of magic mapping {unknown}
 o - 3 scrolls of identify
 r - 4 scrolls of curse weapon {unknown}
 t - a scroll of random uselessness {unknown}
 z - 3 scrolls of teleportation {unknown}
 C - 2 scrolls of unholy creation {unknown}
 J - a scroll of blinking {unknown}
 K - a scroll of amnesia {unknown}
 L - a scroll of recharging {unknown}
Jewellery
 e - a ring of regeneration (left hand)
 m - an amulet of clarity (around neck)
 u - a ring of protection from fire (right hand)
Potions
 l - a potion of restore abilities {unknown}
 p - a potion of levitation {unknown}
 v - a potion of brilliance {unknown}
 w - a potion of agility {unknown}
 B - a potion of heal wounds {unknown}
 E - a potion of speed {unknown}


   Skills:
 + Level 4.7 Fighting
 + Level 7.0 Polearms
 + Level 0.4 Throwing
 + Level 2.3 Armour
 + Level 7.5 Dodging
 + Level 1.5 Stealth
 + Level 0.3 Stabbing
 + Level 0.2 Traps & Doors


You had 4 spell levels left.
You knew the following spells:

 Your Spells              Type           Power        Failure   Level  Hunger
a - Stoneskin             Trmt/Erth      #.........   63%         2    ###....


Dungeon Overview and Level Annotations

Branches:
Dungeon (5/27)             Temple (1/1) D:4

Altars:
Elyvilon
Fedhas
Makhleb
Sif Muna
Trog
Xom
Zin

Annotations
D:4 Prince Ribbit


Innate Abilities, Weirdness & Mutations

You revert to your normal form in water.
You are very nimble and swift while swimming.
You have a pair of small horns on your head.
You are clumsy (Dex -1).
Armour fits poorly on your strangely shaped body.
You digest meat inefficiently.


Message History

The centaur is moderately wounded.
The centaur hits you!
* * * LOW HITPOINT WARNING * * *
The centaur barely misses you.
You hit the centaur but do no damage.
The centaur is moderately wounded.
Xom's power touches on you for a moment.
You feel drained.
The centaur hits you but does no damage.
The centaur misses you. The centaur closely misses you.
You hit the centaur.
The centaur is heavily wounded.
The centaur closely misses you.
You hit the centaur but do no damage.
The centaur is heavily wounded.
The centaur misses you. The centaur hits you.
* * * LOW HITPOINT WARNING * * *
The centaur hits you.
You die...
Xom guffaws!

#################
#.........#.....#
#.#######.#.###.# #.# #.#.###.#
##'### #.#...#.## #?((.#
#.#.#.#..## #..(.# #.#........
#..(.# #.#.#.##.## #..@.#
#.#.#...... #..c.# #...####.#.
.......# ##### #.#. .
...#.....# #######... . ..
#..#...... ...(...... ...#.#
..#..##############..(.
..#.#.##..#.........##### #..(.
.......#..#.............###....
#
#..#..#..#..................(#


You could see a centaur.

Vanquished Creatures
  Edmund (D:4)
  An ogre (D:4)
  3 centaurs
  Blork the orc (D:4)
  2 hounds
  A worker ant (D:5)
  A hound skeleton (D:5)
  2 orc wizards
  Jessica (D:3)
  A giant mite (D:4)
  A bat skeleton (D:4)
  A giant gecko (D:5)
  2 oozes
  6 orcs
  7 giant cockroaches
  10 goblins
  7 hobgoblins
  11 jackals
  15 kobolds
  A quokka (D:3)
  A ball python (D:2)
  14 bats
  6 giant newts
  10 rats
  2 fungi (D:2)
  A toadstool (D:4)
109 creatures vanquished.

Vanquished Creatures (others)
  A dancing weapon (D:4)
1 creature vanquished.

Grand Total: 110 creatures vanquished

Notes
Turn   | Place    | Note
--------------------------------------------------------------
     0 | D:1      | Auroros, the Merfolk Chaos Knight, began the quest for the Orb.
     0 | D:1      | Reached XP level 1. HP: 16/16 MP: 1/1
    68 | D:1      | XOM: miscast effect
   205 | D:1      | Reached XP level 2. HP: 20/22 MP: 2/2
   224 | D:1      | Found a burning altar of Makhleb.
   279 | D:1      | XOM is BORED!
   279 | D:1      | XOM: miscast effect
   462 | D:1      | Reached skill level 5 in Polearms
   573 | D:1      | XOM: divination: detect items
   754 | D:1      | Reached XP level 3. HP: 25/28 MP: 3/3
   923 | D:1      | XOM: divination: detect creatures
   967 | D:1      | XOM: divination: detect creatures
  1196 | D:2      | XOM: divination: detect items
  1787 | D:2      | XOM: draining
  1819 | D:2      | Reached skill level 1 in Stealth
  1927 | D:2      | XOM: colour smoke trail
  2036 | D:2      | Found a deep blue altar of Sif Muna.
  2175 | D:2      | XOM is BORED!
  2175 | D:2      | XOM: miscast effect
  2228 | D:2      | Noticed Crazy Yiuf
  2237 | D:2      | Noticed Crazy Yiuf
  2237 | D:2      | Crazy Yiuf changed into Crazy Yiuf the centaur
  2237 | D:2      | XOM: polymorph Crazy Yiuf -> Crazy Yiuf the centaur
  2552 | D:3      | Noticed Sigmund
  2562 | D:3      | Noticed Sigmund
  2562 | D:3      | Sigmund changed into Sigmund the centaur
  2562 | D:3      | XOM: polymorph Sigmund -> Sigmund the centaur
  2690 | D:3      | Killed Sigmund the centaur
  2690 | D:3      | Reached skill level 1 in Armour
  2690 | D:3      | Reached XP level 4. HP: 32/35 MP: 4/4
  2690 | D:3      | Reached XP level 5. HP: 36/40 MP: 5/5
  2745 | D:3      | XOM: miscast effect
  2866 | D:3      | Noticed Jessica
  2873 | D:3      | Killed Jessica
  2960 | D:3      | Found a bloodstained altar of Trog.
  2968 | D:3      | XOM: 1-stop teleportation journey
  3081 | D:3      | Killed Crazy Yiuf the centaur
  3081 | D:3      | Reached skill level 6 in Polearms
  3081 | D:3      | Reached XP level 6. HP: 43/47 MP: 6/6
  3155 | D:3      | Reached skill level 5 in Dodging
  3181 | D:3      | XOM: god gift: scroll labeled POOXYC NILU
  3226 | D:3      | XOM: scenery: create altars
  3436 | D:4      | XOM: cast spell 'Necromutation'
  3445 | D:3      | XOM: miscast effect
  3627 | D:4      | Noticed Blork the orc
  3675 | D:4      | Gained mutation: You digest meat inefficiently. [Blork the orc/wand of polymorph other]
  3676 | D:4      | Gained mutation: Armour fits poorly on your strangely shaped body. [Blork the orc/wand of polymorph other]
  3677 | D:4      | Killed Blork the orc
  3719 | D:4      | Found a staircase to the Ecumenical Temple.
  3737 | D:4      | XOM: inner flame monster(s)
  3743 | D:4      | XOM: inner flame monster(s)
  3753 | D:4      | Reached XP level 7. HP: 52/52 MP: 7/7
  3761 | D:4      | Learned a level 2 spell: Stoneskin
  3773 | Temple   | Entered the Ecumenical Temple
  3850 | D:4      | Noticed Edmund
  3860 | D:4      | Killed Edmund
  3976 | D:4      | Noticed Prince Ribbit
  4034 | D:4      | XOM: confusion
  4560 | D:4      | XOM: give mutations
  4560 | D:4      | Gained mutation: You have a pair of small horns on your head. [Xom's mischief]
  4560 | D:4      | Gained mutation: You are clumsy (Dex -1). [Xom's mischief]
  4704 | D:5      | Entered Level 5 of the Dungeon
  4928 | D:5      | Reached skill level 7 in Dodging
  5201 | D:5      | XOM: draining
  5203 | D:5      | Slain by a centaur
